 Dungeon Crawl Stone Soup version 0.29.1-2-gbd0b4ee654 (webtiles) character file.

Game seed: 11113339537484446452

267 sanboga the Trooper (level 6, -4/67 HPs)
             Began as an Ogre Berserker on Nov 21, 2022.
             Was a Believer of Trog.
             Slain by Grinder (6 damage)
             ... on level 3 of the Dungeon.
             The game lasted 00:03:50 (3089 turns).

sanboga the Trooper (Ogre Berserker)                Turns: 3089, Time: 00:03:51

Health: -4/67      AC:  3    Str: 24    XL:     6   Next: 21%
Magic:  6/6        EV: 10    Int:  8    God:    Trog [**....]
Gold:   15         SH:  0    Dex:  8    Spells: 5/5 levels left

rFire   . . .      SeeInvis .   h - +0 flail
rCold   . . .      Faith    .   (no shield)
rNeg    . . .      Spirit   .   b - +0 animal skin
rPois   .          Reflect  .   (helmet restricted)
rElec   .          Harm     .   (no cloak)
rCorr   .          Rampage  .   (gloves unavailable)
Will    .....                   (boots unavailable)
Stlth   +.........              (no amulet)
HPRegen 0.21/turn               d - ring of flight
MPRegen 0.10/turn               (no ring)

@: flying
A: large, unfitting armour, tough skin 1
a: Renounce Religion, Berserk, Trog's Hand


You were on level 3 of the Dungeon.
You worshipped Trog.
Trog was pleased with you.
You visited 1 branch of the dungeon, and saw 3 of its levels.

You collected 113 gold pieces.
You spent 98 gold pieces at shops.

Inventory:

Hand Weapons
 h - a +0 flail (weapon)
Armour
 b - a +0 animal skin (worn)
Jewellery
 d - a ring of flight (left hand)
Scrolls
 e - a scroll of poison {unknown}
 i - 2 scrolls of enchant weapon {unknown}
Potions
 a - a potion of curing
 c - a potion of berserk rage
 f - a potion of haste {unknown}
 g - a potion of might


   Skills:
 + Level 5.7 Fighting
 * Level 4.6 Maces & Flails
 + Level 3.9 Dodging


You had 5 spell levels left.
You didn't know any spells.
Your spell library was empty.

Dungeon Overview and Level Annotations

Branches:
Dungeon (3/15)

Altars:

Shops:
D:2 !

Annotations:
D:3 Grinder


Innate Abilities, Weirdness & Mutations

You are too large for most types of armour.
You have tough skin. (AC +1)


Message History

You see here a giant cockroach corpse.
Things that are here:
a +0 dagger; a +0 robe You see here a +0 long sword.
You reach down and open the door.
Grinder comes into view.
Found 6 stones.
Grinder shouts!
There is an open door here.
Grinder is nearby!
Grinder is nearby!
Grinder gestures at you.
You suddenly lose the ability to move!
Grinder hits you. x2
You writhe in agony.
Grinder hits you.
You writhe in agony.
You can move again.
You barely miss Grinder. Grinder hits you.
You writhe in agony.
Grinder hits you but does no damage.
You hit Grinder but do no damage. Grinder barely misses you.
You closely miss Grinder. Grinder hits you!
You writhe in agony.
You hit Grinder.
Grinder is lightly wounded.
Grinder hits you!
You hit Grinder.
Grinder is lightly wounded.
Grinder blinks!
As you read the scroll labelled EPPAGY WYGOO, it crumbles to dust.
Wisps of shadow whirl around you...
It was a scroll of summoning.
You hit Grinder.
Grinder is moderately wounded.
Grinder hits you!
* * * LOW HITPOINT WARNING * * *
You writhe in agony.
* * * LOW HITPOINT WARNING * * *
Your hobgoblin hits Grinder. Grinder attacks as you move away!
Grinder hits you!
* * * LOW HITPOINT WARNING * * *
You writhe in agony.
You die...

##### ####### #...#### ##.....#
.......#####..###'###
#.###......).##.@!g.# ##### #####
#.####.#######..S5...##≈≈≈###.#..
...# #.# #...w...###≈..#.#.≈#
#..###.# #...∩...##..##.##~≈#
#..##.## #.......###.####~≈##
..)).#########.......#...#≈##≈.#
#..)##.......##....(######≈##.###
.........###.#############≈≈##~≈≈
...........................≈..≈##


You could see Grinder (ally target), a friendly adder (summoned), a friendly
dart slug (summoned) and a friendly hobgoblin (summoned).

Vanquished Creatures
  Sigmund (D:2)
  Jessica (D:2)
  An orc wizard (D:3)
  2 adders (D:3)
  2 worms (D:2)
  2 dart slugs
  2 orcs (D:3)
  3 ball pythons
  2 endoplasms (D:3)
  2 giant cockroaches
  2 goblins (D:1)
  5 hobgoblins
  5 jackals
  A quokka (D:3)
  3 bats
  A frilled lizard (D:2)
  2 rats
37 creatures vanquished.

Notes
Turn   | Place    | Note
-------+----------+-------------------------------------------
     0 | D:1      | sanboga the Ogre Berserker began the quest for the Orb.
     0 | D:1      | Reached XP level 1. HP: 24/24 MP: 1/1
   206 | D:1      | Reached XP level 2. HP: 32/32 MP: 2/2
   704 | D:2      | Found a faded altar of an unknown god.
   954 | D:2      | Found Hyotum's Distillery.
   991 | D:2      | Noticed Jessica
   997 | D:2      | Killed Jessica
   998 | D:2      | Reached XP level 3. HP: 29/40 MP: 3/3
  1473 | D:2      | Reached XP level 4. HP: 49/49 MP: 4/4
  1505 | D:2      | Noticed Sigmund
  1522 | D:2      | Killed Sigmund
  1522 | D:2      | Reached ** piety under Trog
  1523 | D:2      | Reached skill level 5 in Fighting
  1523 | D:2      | Reached XP level 5. HP: 12/57 MP: 5/5
  2011 | D:2      | Bought a potion of attraction for 42 gold pieces
  2333 | D:3      | Reached XP level 6. HP: 63/66 MP: 6/6
  2401 | D:2      | Bought a potion of might for 56 gold pieces
  3077 | D:3      | Noticed Grinder
  3078 | D:3      | Paralysed by Grinder for 4 turns
  3089 | D:3      | HP: 2/67 [Grinder (9)]
  3089 | D:3      | Slain by Grinder

Illustrated notes

Levels and vault maps discovered:
D:1:      grunt_arrival_crossed_arrows, layout_loops_ring
D:2:      layout_basic, serial_shops, shop_fountains,
          hellmonk_ecumenical_altar_dog_temple, serial_park_tiny_2,
          uniq_jessica, uniq_sigmund
D:3:      layout_loops_ring, chequers_serial_rivers_small_b,
          hangedman_glass_teeth, kennysheep_flooded_box, uniq_grinder

Skill      XL: |  1  2  3  4 |
---------------+-------------+-----
Maces & Flails | 3 4 |  4.6
Dodging        | 3 |  3.9
Fighting       | 5 |  5.7

Action                   |  1- 3 |  4- 6 || total
-------------------------+-------+-------++-------
Melee: Mace              |    62 |    47 ||   109
       Flail             |       |    13 ||    13
       Punch             |       |     1 ||     1
  Use: Scroll            |     1 |     2 ||     3
       Potion            |       |     1 ||     1
Armor: Animal skin       |    25 |    18 ||    43
Dodge: Dodged            |    44 |    21 ||    65
